 Dungeon Crawl Stone Soup version 0.30.1-11-g7821555f0a (webtiles) character file.

Game seed: 12770222781662334477

1891 Okkudo the Cleaver (level 9, -16/70 HPs)
             Began as a Hill Orc Monk on Dec 9, 2023.
             Was a Believer of Beogh.
             Demolished by a two-headed ogre
             ... wielding a +0 giant club
              (17 damage)
             ... on level 7 of the Dungeon.
             The game lasted 00:18:10 (6685 turns).

Okkudo the Cleaver (Hill Orc Monk)                  Turns: 6685, Time: 00:18:11

Health: -16/70     AC: 16    Str: 18    XL:     9   Next: 15%
Magic:  12/12      EV:  7    Int: 12    God:    Beogh [**....]
Gold:   470        SH:  0    Dex: 22    Spells: 8/8 levels left

rFire   + + .        H - +0 war axe
rCold   x . .        d - orb {light}
rNeg    . . .        x - +0 plate armour
rPois   .            (no helmet)
rElec   .            t - +0 cloak
rCorr   .            i - +0 pair of gloves
SInv    .            c - +0 pair of boots
Will    .....        (no amulet) Stlth
                     y - ring of Venus {Fire Int+2 Dex+6}
HPRegen 0.31/turn    K - ring of Fiolap {rF+ Dex+3}
MPRegen 0.13/turn

%: no passive effects
@: glowing
A: no striking features
a: Renounce Religion, Smiting


You were on level 7 of the Dungeon.
You worshipped Beogh.
Beogh was pleased with you.
You visited 1 branch of the dungeon, and saw 7 of its levels.
You also visited: Sewer.

You collected 470 gold pieces.

Inventory:

Hand Weapons
 H - a +0 war axe (weapon)
Armour
 c - a +0 pair of boots (worn)
 d - an orb of light (worn)
 i - a +0 pair of gloves (worn)
 t - a +0 cloak (worn)
 x - a +0 plate armour (worn)
Jewellery
 h - a ring of protection from fire
 m - a +6 ring of strength
 y - the ring of Venus (left hand) {Fire Int+2 Dex+6}
   (You found it on level 4 of the Dungeon)

   [ring of fire]

   It enhances your fire magic.
   Int:       It affects your intelligence (+2).
   Dex:       It affects your dexterity (+6).
   rF:        It protects you from fire.
   rC:        It makes you vulnerable to cold.
 A - a ring of resist corrosion
 G - a ring of magical power
 K - the ring of Fiolap (right hand) {rF+ Dex+3}
   (You found it on level 6 of the Dungeon)

   [ring of protection from fire]

   Dex:       It affects your dexterity (+3).
   rF:        It protects you from fire.
Wands
 r - a wand of iceblast (31)
 v - a wand of mindburst (27)
 B - a wand of flame (26)
Scrolls
 a - a scroll of immolation {unknown}
 b - a scroll of magic mapping {unknown}
 e - 2 scrolls of enchant weapon
 g - 4 scrolls of teleportation
 j - a scroll of fog {unknown}
 l - 2 scrolls of enchant armour
 s - a scroll of blinking {unknown}
 D - 2 scrolls of vulnerability
 E - a scroll of brand weapon {unknown}
 I - a scroll of silence {unknown}
Potions
 k - 3 potions of curing {unknown}
 o - 3 potions of brilliance {unknown}
 p - 3 potions of flight {unknown}
 q - 2 potions of degeneration {unknown}
 u - a potion of haste
 w - 3 potions of berserk rage {unknown}
 z - a potion of might {unknown}
 C - a potion of lignification {unknown}
 F - 2 potions of heal wounds {unknown}
 J - a potion of invisibility {unknown}


   Skills:
 - Level 3.6 Fighting
 * Level 13.0 Axes
 + Level 5.8 Armour
 - Level 2.4 Dodging
 + Level 4.3 Invocations


You had 8 spell levels left.
You didn't know any spells.
Your spell library contained the following spells:

 Spells                   Type           Power      Damage    Failure   Level
 Shock                    Conj/Air       0%         1d3       100%        1
 Swiftness                Air            0%         N/A       100%        3
 Airstrike                Air            0%         2d(0-16)  100%        4
 Summon Forest            Summ/Tloc      0%         N/A       100%        5
 Eringya's Noxious Bog    Tmut/Pois      0%         N/A       100%        6
 Malign Gateway           Summ/Tloc      0%         N/A       100%        7
 Summon Hydra             Summ           0%         N/A       100%        7
 Summon Horrible Things   Summ           0%         N/A       100%        8


Dungeon Overview and Level Annotations

Branches:
Dungeon (7/15)             Temple (0/1) D:5           Sewer (visited)

Altars:
Elyvilon
Qazlal
Uskayaw
Zin


Message History

A two-headed ogre comes into view.
It is wielding a +0 giant club and a +0 giant spiked club.
The two-headed ogre shouts in stereo!
You hit the two-headed ogre but do no damage.
The two-headed ogre barely misses you.
The two-headed ogre hits you with a +0 giant spiked club!
You slash the two-headed ogre!
The two-headed ogre is lightly wounded.
You hit the two-headed ogre but do no damage.
The two-headed ogre is lightly wounded.
The two-headed ogre hits you with a +0 giant club!
The two-headed ogre hits you with a +0 giant spiked club!
You hit the two-headed ogre.
The two-headed ogre is moderately wounded.
You hit the two-headed ogre.
The two-headed ogre is moderately wounded.
The two-headed ogre hits you but does no damage.
The two-headed ogre barely misses you.
You hit the two-headed ogre.
The two-headed ogre is moderately wounded.
You slash the two-headed ogre!
The two-headed ogre is heavily wounded.
The two-headed ogre hits you with a +0 giant club.
The two-headed ogre completely misses you.
You hit the two-headed ogre.
The two-headed ogre is heavily wounded.
The two-headed ogre hits you but does no damage.
The two-headed ogre hits you with a +0 giant spiked club!
* * * LOW HITPOINT WARNING * * *
You see here a steam dragon corpse.
The two-headed ogre hits you with a +0 giant club!
* * * LOW HITPOINT WARNING * * *
The two-headed ogre barely misses you.
You slash the two-headed ogre!
The two-headed ogre is severely wounded.
You completely miss the two-headed ogre.
The two-headed ogre is severely wounded.
The two-headed ogre hits you with a +0 giant club!
* * * LOW HITPOINT WARNING * * *
The two-headed ogre hits you with a +0 giant spiked club!
You die...

.. ... #.#####
..#....<##########.#
...................
#####....###.>.#####
###.....†@.....#
##...###O....# ..###
####..## #.....#
......##.†..##
#.....# #.....##.#
#.....# #.##..##.###
#.....# #
##......###.....# .#
####.....#..>..# .#
##.##.....### .#


You could see a two-headed ogre.

Vanquished Creatures
  2 steam dragons (D:7)
  Eustachio (D:4)
  Menkaure (D:5)
  A water moccasin (D:6)
  Pargi (Sewer)
  2 black bears (D:6)
  An ice beast (D:6)
  A centaur (D:4)
  3 phantoms
  A kobold brigand (D:6)
  A bullfrog (D:6)
  A jelly (D:5)
  2 hounds
  2 orc priests (D:6)
  2 sleepcaps
  3 iguanas
  Ijyb (D:5)
  An orc wizard (D:4)
  A gnoll (D:3)
  3 adders
  2 shadow imps (D:6)
  2 white imps
  An ufetubus (D:4)
  A worm (D:5)
  6 dart slugs
  15 orcs
  8 ball pythons
  8 bats
  4 endoplasms
  4 giant cockroaches
  6 goblins
  7 hobgoblins
  4 jackals (D:1)
  10 kobolds
  4 quokkas
  5 frilled lizards
  8 rats
126 creatures vanquished.

Notes
Turn   | Place    | Note
-------+----------+-------------------------------------------
     0 | D:1      | Okkudo the Hill Orc Monk began the quest for the Orb.
     0 | D:1      | Reached XP level 1. HP: 19/19 MP: 1/1
    78 | D:1      | Reached XP level 2. HP: 7/26 MP: 2/2
   194 | D:1      | Found a faded altar of an unknown god.
   204 | D:1      | Got Plato's Omnibus of the Cumulonimbus
   314 | D:1      | Reached skill level 5 in Axes
   513 | D:1      | Reached XP level 3. HP: 16/31 MP: 3/3
   990 | D:2      | Found a stormy altar of Qazlal.
  1112 | D:2      | Reached skill level 6 in Axes
  1347 | D:2      | Reached XP level 4. HP: 22/39 MP: 4/4
  1655 | D:2      | You fall into a shaft and drop 1 floor!
  2063 | D:3      | Found a white marble altar of Elyvilon.
  2114 | D:3      | Found a glowing silver altar of Zin.
  2315 | D:3      | Reached skill level 7 in Axes
  2612 | D:4      | Noticed a phantom
  2626 | D:4      | Killed a phantom
  2627 | D:4      | Reached skill level 8 in Axes
  2627 | D:4      | Reached XP level 5. HP: 23/45 MP: 5/5
  2762 | D:4      | Reached XP level 6. HP: 51/51 MP: 6/6
  2884 | D:4      | Identified the ring of Venus {Fire Int+2 Dex+6}
  2946 | D:4      | Reached skill level 1 in Armour
  2979 | D:4      | Noticed Eustachio
  3476 | D:4      | Killed Eustachio
  3477 | D:4      | Reached skill level 9 in Axes
  3689 | D:4      | Reached XP level 7. HP: 18/57 MP: 7/7
  3824 | D:5      | Entered Level 5 of the Dungeon
  3927 | D:5      | Reached skill level 10 in Axes
  3940 | D:5      | Noticed Ijyb
  3945 | D:5      | Found a hide-covered altar of Uskayaw.
  3945 | D:5      | Noticed a +0 falchion
  3945 | D:5      | Noticed a +0 dagger
  3945 | D:5      | Noticed a +0 dagger
  3947 | D:5      | Noticed a +0 short sword
  3947 | D:5      | Noticed a +0 short sword
  3947 | D:5      | Noticed a +0 falchion
  3948 | D:5      | Noticed a +0 spear
  3949 | D:5      | Noticed a +0 spear
  3962 | D:5      | Killed Ijyb
  4139 | D:5      | Found a staircase to the Ecumenical Temple.
  4140 | D:5      | Became a worshipper of Beogh the Brigand
  4140 | D:5      | Reached * piety under Beogh
  4140 | D:5      | Reached ** piety under Beogh
  4369 | D:5      | Noticed Menkaure
  4379 | D:5      | Killed Menkaure
  4591 | D:5      | Found a glowing drain.
  4606 | Sewer    | Entered a sewer
  4669 | Sewer    | Noticed Pargi
  4679 | Sewer    | Killed Pargi
  4680 | Sewer    | Reached skill level 11 in Axes
  4680 | Sewer    | Reached XP level 8. HP: 58/64 MP: 8/8
  5202 | D:6      | Reached skill level 1 in Invocations
  5590 | D:6      | Reached skill level 12 in Axes
  5706 | D:6      | Reached skill level 5 in Armour
  5809 | D:6      | Identified the ring of Fiolap {rF+ Dex+3}
  6594 | D:7      | Reached XP level 9. HP: 64/70 MP: 11/11
  6626 | D:7      | Reached skill level 13 in Axes
  6659 | D:7      | Noticed a two-headed ogre
  6685 | D:7      | HP: 1/70 [two-headed ogre/+0 giant club (9)]
  6685 | D:7      | Demolished by a two-headed ogre

Illustrated notes

Levels and vault maps discovered:
D:1:      scummos_arrival_simple_fountains, layout_basic,
          shapermc_ecumenical_altar_rom_forum, nicolae_kite_square_tiling_tiny,
          minivault_25, minmay_tall_x
D:2:      kb_forest_paths, layout_basic, basic_altar, hex_medium
D:3:      layout_loops_ring, nicolae_elyvilon_peaceful_grove,
          mainiacjoe_overflow_alcove_4, minmay_bisected
D:4:      layout_basic, uniq_eustachio
D:5:      layout_loops_ring, nicolae_uskayaw_en_pointe,
          minmay_temple_entry_proselytizer, cheibrodos_sewer_entry_bend,
          uniq_ijyb, uniq_menkaure
D:6:      layout_layer_cave, minmay_checkerbox
D:7:      kennysheep_housing_project, layout_rooms, nemelex_dance_club_becter,
          amethyst_overflow_temple_binary, chequers_mini_garden

Skill      XL: |  1  2  3  4  5  6  7  8  9 |
---------------+----------------------------+-----
Axes           | 5 6 8 9 11 12 13 | 13.0
Armour         | 2 4 5 |  5.8
Invocations    | 3 4 |  4.3
Fighting       | |  3.6
Dodging        | |  2.4

Action                     |  1- 3 |  4- 6 |  7- 9 || total
---------------------------+-------+-------+-------++-------
  Melee: Hand axe          |    90 |   197 |   124 ||   411
         War axe           |       |       |    84 ||    84
  Throw: Throwing net      |       |       |     1 ||     1
 Invoke: Convert to Beogh  |       |       |     1 ||     1
  Evoke: Wand              |       |     3 |       ||     3
    Use: Potion            |       |       |     1 ||     1
         Scroll            |       |       |     5 ||     5
 Armour: Robe              |    23 |       |       ||    23
         Ring mail         |     9 |    17 |       ||    26
         Chain mail        |       |    28 |       ||    28
         Plate armour      |       |    71 |   128 ||   199
  Dodge: Dodged            |    63 |    89 |    88 ||   240
